AoeStats
← Joaquito

Arabia

506952046Analyzed
3v3 RM · 17d ago on Sep 15, 2026· 46m 40s· 6 players
Game mode
Random Map
Map size
Normal (6 player)
Population
200
Speed
Normal
Resources
Standard
Victory
Conquest
Starting age
Dark Age
Ending age
Imperial Age
RankedLock teamsTeams togetherTeam positionsShared explorationLock speedFull tech treeHidden civsTurbo modeCheats
Victory
Defeat
🇦🇷 Britons · Argentina
1112
+14
🇦🇷 Franks · Argentina
1112
+14
🇦🇷 Vietnamese · Argentina
1021
+51
🇨🇱 Shu · Chile
1142
-18
🇨🇱 Bohemians · Chile
1053
-15
🇨🇱 Huns · Chile
1019
-13
Joaquito
11:28 Feudal Age
12:28 Loom
22:12 Castle Age
20:03 Double-Bit Axe
20:42 Gold Mining
22:17 Crossbowman
23:11 Thumb Ring
23:24 Bow Saw
23:32 Fletching
24:33 Bodkin Arrow
33:43 Padded Archer Armor
39:56 Gold Shaft Mining
41:50 Leather Archer Armor
41:06 Elite Skirmisher
41:49 Stone Mining
43:09 Horse Collar
Arzzeus
9:59 Feudal Age
16:25 Castle Age
24:56 Horse Collar
26:04 Scale Barding Armor
26:18 Double-Bit Axe
26:58 Elite Skirmisher
32:16 Fletching
32:26 Padded Archer Armor
33:51 Wheelbarrow
36:10 Thumb Ring
37:11 Bow Saw
38:03 Hand Cart
39:11 Marauders
40:13 Gold Mining
40:16 Stone Mining
40:20 Loom
41:05 Chain Barding Armor
40:49 Bodkin Arrow
41:05 Forging
43:46 Leather Archer Armor
46:16 Imperial Age
45:57 Iron Casting
Drookns
5:24 Loom
10:38 Feudal Age
11:58 Double-Bit Axe
16:05 Scale Barding Armor
19:14 Fletching
23:13 Wheelbarrow
27:04 Castle Age
27:07 Padded Archer Armor
29:53 Chemistry
31:13 Bow Saw
34:51 Leather Archer Armor
35:35 Horse Collar
37:10 Elite Skirmisher
39:09 Hand Cart
44:06 Chain Barding Armor
43:57 Forging
43:46 Light Cavalry
45:26 Husbandry
RepolloMortal
6:48 Loom
9:06 Feudal Age
11:12 Double-Bit Axe
19:12 Fletching
21:21 Gold Mining
24:18 Castle Age
23:46 Horse Collar
24:09 Padded Archer Armor
24:23 Crossbowman
25:00 Bodkin Arrow
25:20 Bow Saw
30:31 Ballistics
37:11 Imperial Age
35:17 Wheelbarrow
34:27 Town Watch
35:02 Leather Archer Armor
36:31 Hand Cart
36:16 Town Patrol
37:29 Arbalester
38:10 Bracer
38:54 Capped Ram
41:37 Chemistry
41:12 Conscription
41:44 Gold Shaft Mining
42:14 Two-Man Saw
43:15 Warwolf
45:45 Elite Longbowman
Chili Martinez
3:25 Loom
10:58 Feudal Age
11:43 Double-Bit Axe
11:42 Horse Collar
12:56 Arson
20:45 Gold Mining
21:38 Wheelbarrow
28:01 Castle Age
26:57 Fletching
27:08 Padded Archer Armor
29:53 Elite Skirmisher
31:01 Heavy Plow
31:00 Bodkin Arrow
31:16 Bow Saw
30:41 Elite Skirmisher
34:05 Leather Archer Armor
35:20 Hand Cart
38:14 Stone Mining
38:46 Ballistics
38:08 Treadmill Crane
38:19 Heated Shot
41:44 Murder Holes
45:38 Imperial Age
44:25 Chatras
45:36 Caravan
russogiuliorusso
6:03 Loom
10:17 Feudal Age
11:29 Double-Bit Axe
15:49 Scale Barding Armor
23:08 Castle Age
24:00 Wheelbarrow
23:51 Husbandry
24:06 Forging
27:57 Chain Barding Armor
32:24 Hand Cart
32:06 Gold Mining
34:22 Iron Casting
42:49 Imperial Age
44:27 Plate Barding Armor
44:53 Blast Furnace
43:27 Capped Ram
45:28 Cavalier
Connection lost

Rejoining the realm…

Still unreachable

The connection could not be restored.

Session expired

The server has moved on; the page needs a fresh start.